AoeStats
← OM | Kerry Copyto

African Clearing

506797270Analyzed
4v4 RM · 18d ago on Sep 15, 2026· 34m 28s· 8 players
Game mode
Random Map
Map size
Large (8 player)
Population
200
Speed
Normal
Resources
Standard
Victory
Conquest
Starting age
Dark Age
Ending age
Imperial Age
RankedLock teamsTeams togetherTeam positionsShared explorationLock speedFull tech treeHidden civsTurbo modeCheats
Victory
Defeat
🇺🇸 Aztecs · United States
1544
+11
🇺🇸 Dravidians · United States
1453
+14
🇩🇰 Armenians · Denmark
1441
+15
🇺🇸 Hindustanis · United States
1325
+19
🇲🇽 Spanish · Mexico
1452
-16
🇲🇽 Georgians · Mexico
1434
-16
🇲🇽 Vietnamese · Mexico
1400
-14
🇲🇽 Armenians · Mexico
1372
-13
OM | Massiosare
6:08 Loom
12:17 Feudal Age
13:02 Man-at-Arms
15:30 Arson
26:52 Castle Age
25:31 Gold Mining
OM | SISKO PRO
5:16 Loom
13:40 Feudal Age
18:48 Castle Age
17:06 Double-Bit Axe
19:01 Gold Mining
19:54 Bow Saw
19:50 Padded Archer Armor
20:01 Horse Collar
25:36 Town Watch
OM | Kerry Copyto
7:30 Loom
13:25 Feudal Age
14:10 Double-Bit Axe
17:21 Fletching
17:32 Padded Archer Armor
19:43 Man-at-Arms
20:58 Scale Mail Armor
22:48 Forging
28:06 Castle Age
27:33 Horse Collar
29:39 Bow Saw
30:21 Bodkin Arrow
OM | Romeo D. Sins
3:36 Loom
16:19 Feudal Age
17:03 Double-Bit Axe
17:02 Horse Collar
18:04 Fletching
18:17 Town Watch
21:29 Wheelbarrow
25:00 Castle Age
23:15 Fishing Lines
25:15 Forging
25:10 Scale Barding Armor
26:13 Bow Saw
26:06 Heavy Plow
27:22 Chain Barding Armor
27:38 Iron Casting
Pickel727
13:42 Feudal Age
17:16 Castle Age
15:42 Double-Bit Axe
17:09 Fletching
19:24 Horse Collar
20:13 Bodkin Arrow
22:24 Loom
24:56 Padded Archer Armor
31:02 Wheelbarrow
31:46 Leather Archer Armor
36:39 Imperial Age
34:17 Town Watch
NUBSINC
13:19 Feudal Age
17:30 Castle Age
15:23 Double-Bit Axe
22:32 Scale Mail Armor
22:43 Forging
Lord Longshaft
12:54 Feudal Age
14:55 Double-Bit Axe
15:57 Wheelbarrow
16:30 Gold Mining
18:49 Castle Age
20:19 Bow Saw
20:20 Horse Collar
21:05 Heavy Plow
21:46 Loom
22:18 Stone Mining
23:49 Town Watch
24:12 Fletching
25:56 Sanctity
27:37 Redemption
28:05 Fervor
32:32 Bodkin Arrow
YOGRANNYCANTSCRAP
10:10 Loom
12:26 Feudal Age
14:11 Double-Bit Axe
16:29 Fishing Lines
21:04 Castle Age
21:56 Gold Mining
22:17 Bow Saw
25:01 Gold Shaft Mining
25:52 Sanctity
25:43 Fervor
32:21 Atonement
34:03 Devotion
34:19 Redemption
36:46 Imperial Age
Connection lost

Rejoining the realm…

Still unreachable

The connection could not be restored.

Session expired

The server has moved on; the page needs a fresh start.